 Dungeon Crawl Stone Soup version 0.28.0 (webtiles) character file.

Game seed: 14562042763389669443

544 AmazingTV the Shield-Bearer (level 7, -5/61 HPs)
             Began as a Minotaur Fighter on Mar 25, 2024.
             Slain by an orc warrior (16 damage)
             ... on level 5 of the Dungeon.
             The game lasted 00:07:50 (3558 turns).

AmazingTV the Shield-Bearer (Minotaur Fighter)      Turns: 3558, Time: 00:07:50

Health: -5/61      AC:  7    Str: 22    XL:     7   Next: 6%
Magic:  6/6        EV:  9    Int:  5    God:
Gold:   217        SH:  5    Dex: 10    Spells: 6/6 levels left

rFire   . . .      SeeInvis .   s - +0 war axe {axe}
rCold   + . .      Faith    .   c - +0 buckler
rNeg    . . .      Spirit   .   t - +0 scale mail
rPois   .          Reflect  .   (helmet restricted)
rElec   .          Harm     .   (no cloak)
rCorr   .          Rampage  .   (no gloves)
Will    .....                   (no boots)
Stlth   ..........              (no amulet)
HPRegen 0.20/turn               f - ring of protection from cold
MPRegen 0.10/turn               (no ring)

@: no status effects
A: horns 2, retaliatory headbutt
a: no special abilities


You were on level 5 of the Dungeon.
You visited 1 branch of the dungeon, and saw 5 of its levels.
You also visited: Ossuary.

You collected 217 gold pieces.


Innate Abilities, Weirdness & Mutations

You have a pair of horns on your head.
You reflexively headbutt those who attack you in melee.


   Skills:
 + Level 5.3 Fighting
 + Level 4.6(5.3) Axes
 + Level 3.7(4.8) Maces & Flails
 + Level 5.4 Armour
 + Level 5.4 Shields


You had 6 spell levels left.
You didn't know any spells.
Your spell library was empty.

Inventory:

Hand Weapons
 a - a +2 morningstar of protection {mace}
   (You took it off an orc on level 3 of the Dungeon)
 b - a +1 short sword of venom {short}
   (You took it off an orc on level 3 of the Dungeon)
 s - a +0 war axe (weapon) {axe}
Missiles
 g - 41 stones (quivered)
 h - 66 arrows
 i - 11 poisoned darts
 q - 19 sling bullets
 x - 2 javelins
Armour
 c - a +0 buckler (worn)
 t - a +0 scale mail (worn)
Magical Staves
 v - a staff of death {!astaff}
   (You found it on level 3 of the Dungeon)
Jewellery
 f - a ring of protection from cold (left hand)
   (You found it on level 4 of the Dungeon)
Wands
 e - a wand of iceblast (9)
   (You found it on level 4 of the Dungeon)
 r - a wand of paralysis (11)
   (You found it on level 2 of the Dungeon)
Scrolls
 l - 2 scrolls of blinking {unknown}
 m - a scroll of identify {unknown}
 n - 3 scrolls of fog {unknown}
 o - a scroll of enchant weapon {unknown}
 u - 2 scrolls of teleportation {unknown}
 y - a scroll of amnesia {unknown}
 E - a scroll of fear {unknown}
 F - a scroll of holy word {unknown}
Potions
 d - 2 potions of might
 j - a potion of magic {unknown}
 k - 2 potions of heal wounds {unknown}
 w - 2 potions of flight {unknown}
 z - a potion of mutation {!q}
 A - a potion of attraction {unknown}
 B - a potion of curing {unknown}
 C - a potion of cancellation {unknown}
 D - a potion of lignification {unknown}

Dungeon Overview and Level Annotations

Branches:
Dungeon (5/15)            Ossuary (visited)
 Temple: D:4-7

Altars:
Gozag
Nemelex Xobeh
Sif Muna

# ### #.
..# #.##..
#....#
#..h##
#)@)#
#..).#
....o...#
###.#....#
#. #.....
#. #..#.#
#. ... .
#. .#..


You could see an orc warrior and a hound.


Message History

You now have 179 gold pieces (gained 12).
Found a stone staircase leading down.
e - a wand of iceblast (9)
You now have 189 gold pieces (gained 10).
Found an escape hatch in the ceiling.
You now have 196 gold pieces (gained 7).
An endoplasm comes into view.
The endoplasm quivers.
The endoplasm hits you but does no damage.
You hit the endoplasm.
Your weapon exudes an aura of protection.
The endoplasm hits you but does no damage.
You hit the endoplasm.
You kill the endoplasm!
A kobold comes into view.
It is wielding a +0 club and quivering poisoned darts.
The kobold shouts!
The kobold closely misses you.
You barely miss the kobold.
The kobold hits you with a +0 club. 😕 HP[-1]
You take 1 damage, and now have 55/56 hp.
You puncture the kobold!
Your weapon exudes an aura of protection.
You kill the kobold!
You have reached level 7! 😕 HP[+5] MP[+1]
You now have 61 max hp (+5).
You regained 5 hp, and now have 60/61 hp.
Your mp is fully restored (6).
i - 11 poisoned darts (gained 8)
Things that are here:
a +0 club {mace}; a kobold corpse 😎 HP[+1]
Your hp is fully restored (61).
Found an opulent altar of Gozag.
You now have 207 gold pieces (gained 11).
You now have 217 gold pieces (gained 10).
Found a stone staircase leading down.
There is a stone staircase leading down here.
There is a stone staircase leading down here.
A hobgoblin comes into view.
The hobgoblin shouts!
You barely miss the hobgoblin. You headbutt the hobgoblin.
You kill the hobgoblin!
n - 3 scrolls labelled RUUMAM UHUVO (gained 1)
f - a ring of protection from cold
f - a ring of protection from cold (left hand) Done exploring.
Done exploring.
(D) Dungeon
Where to? (Enter - D:4 @ (x,y), ? - help)
There is a stone staircase leading down here.
You climb downwards.
The orc warrior shouts!
The orc wizard shouts!
The orc shouts! x2
You hear a shout!
You hear a bark! x2
There is a stone staircase leading up here.
There are monsters nearby!
You hit the orc.
Your weapon exudes an aura of protection.
An orc comes into view. It is wielding a +0 club.
You block the orc's attack. You block the orc warrior's attack.
You closely miss the orc.
The orc wizard hits you but does no damage.
The orc warrior hits you from afar with a +0 glaive!
The orc closely misses you. You furiously retaliate!
You headbutt the orc.
You kill the orc! 😮 HP[-16]
You take 16 damage, and now have 45/61 hp.
MASSIVE DAMAGE!! (PAUSE)
Your +2 morningstar of protection {mace} goes still.
s - a +0 war axe (weapon)
{axe} The orc warrior barely misses you.
The orc wizard hits you but does no damage.
You barely miss the orc wizard.
You headbutt the orc wizard, but do no damage.
You slash the orc!
You kill the orc!
A hound comes into view.
The orc wizard hits you but does no damage.
The orc warrior barely misses you.
You slash the orc wizard!
You kill the orc wizard!
You closely miss the orc.
The orc warrior hits you from afar with a +0 glaive.
The hound bites you.
The orc hits you with a +0 dagger. 😮 HP[-6]
You take 6 damage, and now have 39/61 hp.
You slash the orc!
You kill the orc!
You hit the hound. The hound bites you.
The orc warrior hits you from afar with a +0 glaive!
* * * LOW HITPOINT WARNING * * *
The hound closely misses you. You furiously retaliate!
You headbutt the hound!
The orc warrior hits you from afar with a +0 glaive!
* * * LOW HITPOINT WARNING * * *
😱 HP[-28]
You take 28 damage, and now have 11/61 hp.
MASSIVE DAMAGE!! (PAUSE)
You block the hound's attack.
The orc warrior hits you from afar with a +0 glaive!
You die...

Skill      XL: |  1  2  3  4  5  6 |
---------------+-------------------+-----
Maces & Flails | 1 2 3 |  3.7
Fighting       | 4 5 |  5.3
Axes           | 3 4 |  4.6
Armour         | 4 5 |  5.4
Shields        | 4 5 |  5.4

Action                   |  1- 3 |  4- 6 |  7- 9 || total
-------------------------+-------+-------+-------++-------
Melee: War axe           |    86 |    15 |     3 ||   104
       Headbutt          |    11 |    22 |     2 ||    35
       Morningstar       |       |   100 |     3 ||   103
Armor: Scale mail        |    31 |    55 |     3 ||    89
Dodge: Dodged            |    47 |    34 |     4 ||    85
Block: Buckler           |    20 |    32 |     3 ||    55

Levels and vault maps discovered:
D:1:      pf_arrival_petrified_forest, layout_basic
D:2:      layout_rooms, basic_altar, chequers_ecumenical_altar_simple_redux,
          minmay_misc_feat_nine_boxes
D:3:      layout_loops_ring, general_overflow_altar
D:4:      layout_rooms, nicolae_gozag_cash_rules_everything_around_me,
          enter_ossuary_3
D:5:      layout_rooms

Notes
Turn   | Place    | Note
-------+----------+-------------------------------------------
     0 | D:1      | AmazingTV the Minotaur Fighter began the quest for the Orb.
     0 | D:1      | Reached XP level 1. HP: 19/19 MP: 0/0
     0 | D:1      | magus.rc [v1.9.6]
   249 | D:1      | Reached XP level 2. HP: 27/27 MP: 1/1
   447 | D:1      | Reached skill level 1 in Maces & Flails
  1014 | D:2      | Reached skill level 4 in Fighting
  1014 | D:2      | Reached XP level 3. HP: 32/33 MP: 2/2
  1021 | D:2      | Reached skill level 3 in Axes
  1021 | D:2      | Reached skill level 4 in Armour
  1021 | D:2      | Reached skill level 4 in Shields
  1271 | D:2      | Found a faded altar of an unknown god.
  1386 | D:2      | Found a sparkling altar of Nemelex Xobeh.
  1645 | D:3      | Reached XP level 4. HP: 40/40 MP: 3/3
  1687 | D:3      | Reached skill level 2 in Maces & Flails
  1822 | D:3      | Reached XP level 5. HP: 40/47 MP: 4/4
  2148 | D:3      | Found a shimmering blue altar of Sif Muna.
  2161 | D:3      | Noticed a phantom
  2174 | D:3      | Killed a phantom
  2175 | D:3      | Reached skill level 4 in Axes
  2589 | D:4      | Reached skill level 3 in Maces & Flails
  2589 | D:4      | Reached skill level 5 in Shields
  2589 | D:4      | Reached XP level 6. HP: 29/55 MP: 5/5
  2615 | D:4      | Found a sand-covered staircase.
  2778 | Ossuary  | Entered an ossuary
  2807 | Ossuary  | Reached skill level 5 in Armour
  2817 | Ossuary  | Reached skill level 5 in Fighting
  3359 | D:4      | Reached XP level 7. HP: 60/61 MP: 6/6
  3381 | D:4      | Found an opulent altar of Gozag.
  3551 | D:5      | Entered Level 5 of the Dungeon
  3557 | D:5      | HP: 11/61 [orc warrior (13)]
  3558 | D:5      | Slain by an orc warrior

Vanquished Creatures
  A phantom (D:3)
  A scorpion (D:4)
  3 centaur zombies (Ossuary)
  A human zombie (Ossuary)
  An orc priest (D:3)
  An orc wizard (D:5)
  5 mummies (Ossuary)
  8 adders
  2 worms (D:2)
  A dart slug (D:2)
  9 orcs
  A bat (D:1)
  7 endoplasms
  4 giant cockroaches
  A gnoll zombie (D:4)
  7 goblins
  4 hobgoblins
  4 quokkas
  8 ball pythons
  2 frilled lizards (D:1)
  A goblin zombie (Ossuary)
  8 kobolds
  2 kobold zombies (Ossuary)
  An orc zombie (Ossuary)
  2 rats
85 creatures vanquished.

Table legend:
 A = Non-vault XP
 B = Vault XP
 C = Vault XP percentage of total XP
 D = Non-vault monster count
 E = Vault monster count
 F = Vault count percentage of total count
                 A         B        C        D         E       F
            +---------+---------+-------+---------+---------+-------
      Total |     500 |     278 |  35.7 |      71 |      14 |  16.5
            +---------+---------+-------+---------+---------+-------
        D:1 |      38 |       0 |   0.0 |      23 |       0 |   0.0
        D:2 |      56 |       0 |   0.0 |      13 |       0 |   0.0
        D:3 |     251 |       0 |   0.0 |      24 |       0 |   0.0
        D:4 |     113 |       2 |   1.7 |       7 |       1 |  12.5
        D:5 |      42 |       0 |   0.0 |       4 |       0 |   0.0
    Ossuary |       0 |     276 | 100.0 |       0 |      13 | 100.0
            +---------+---------+-------+---------+---------+-------

Illustrated notes

Table legend:
 A = Kills in this place as a percentage of kills in entire the game.
 B = Kills by you in this place as a percentage of kills by you in the entire game.
 C = Kills by friends in this place as a percentage of kills by friends in the entire game.
 D = Other kills in this place as a percentage of other kills in the entire game.
 E = Experience gained in this place as a percentage of experience gained in the entire game.
 F = Experience gained in this place divided by the number of levels of this place that you have seen.
                   A       B       C       D       E      F
               +-------+-------+-------+-------+-------+----------------------
         Total | 100.0 | 100.0 |   N/A |   N/A | 100.0 | 129.7
       Dungeon |  84.7 |  84.7 |   N/A |   N/A |  64.5 | 100.4
       Ossuary |  15.3 |  15.3 |   N/A |   N/A |  35.5 | 276.0
               +-------+-------+-------+-------+-------+----------------------

Table legend: (Time is in decaauts)
 A = Elapsed time spent in this place.
 B = Non-inter-level travel time spent in this place.
 C = Inter-level travel time spent in this place.
 D = Time resting spent in this place.
 E = Time spent auto-exploring this place.
 F = Levels seen in this place.
 G = Mean time per level.
                   A        B        C        D        E       F      G
               +--------+--------+--------+--------+--------+-----+--------+
         Total |   3632 |   3474 |    158 |    538 |   2279 |   6 |  605.3 |
       Dungeon |   3229 |   3071 |    158 |    422 |   2158 |   5 |  645.8 |
       Ossuary |    402 |    402 |      0 |    116 |    121 |   1 |  402.0 |
               +--------+--------+--------+--------+--------+-----+--------+

Top non-repeatable levels by time:
     D:1: 1026 daAuts
     D:3: 911 daAuts
     D:4: 646 daAuts
     D:2: 637 daAuts
 Ossuary: 402 daAuts
     D:5: 8 daAuts
